 Dungeon Crawl Stone Soup version 0.31-a0-1616-gbeaec30b81 (webtiles) character file.

Game seed: 4258372320928252085

19642 Curundu the Severer (level 12, -18/165 HPs)
             Began as a Minotaur Berserker on Jan 10, 2024.
             Was an Elder of Trog.
             Demolished by a very large slime creature (37 damage)
             ... on level 12 of the Dungeon.
             The game lasted 00:45:08 (11886 turns).

Curundu the Severer (Minotaur Berserker)           Turns: 11886, Time: 00:45:08

Health: -18/165    AC: 21    Str: 27    XL:     12   Next: 38%
Magic:  0/11       EV: 12    Int:  8    God:    Trog [****..]
Gold:   620        SH:  0    Dex: 10    Spells: 11/11 levels left

rFire   . . .        x - +8 trident of the Octopus King {venom, rElec rPois}
rCold   . . .        (no shield)
rNeg    + . .        b - +4 chain mail of Timush {rN+ rCorr Int+4}
rPois   +            (helmet restricted)
rElec   +            c - +1 cloak {rCorr}
rCorr   +            h - +0 pair of gloves
SInv    .            p - +0 pair of boots
Will    .....        k - amulet of guardian spirit Stlth
                     (no ring)
HPRegen 0.47/turn    (no ring)
MPRegen 0.12/turn

%: guardian spirit
@: berserking, very quick
A: horns 2, retaliatory headbutt
a: Renounce Religion, Berserk, Trog's Hand, Brothers in Arms


You were on level 12 of the Dungeon.
You worshipped Trog.
Trog was greatly pleased with you.
You visited 1 branch of the dungeon, and saw 12 of its levels.
You also visited: Ossuary.

You collected 620 gold pieces.

Inventory:

Hand Weapons
 a - a +1 hand axe
 w - a +4 quarterstaff of chaos
 x - the +8 trident of the Octopus King (weapon) {venom, rElec rPois}
   (You found it on level 8 of the Dungeon)

   rElec:     It insulates you from electricity.
   rPois:     It protects you from poison
Missiles
 i - 3 poisoned darts
 j - 5 javelins (quivered)
Armour
 b - the +4 chain mail of Timush (worn) {rN+ rCorr Int+4}
   (You found it on level 5 of the Dungeon)

   Int+4:     It affects your intelligence (+4).
   rN+:       It protects you from negative energy.
   rCorr:     It protects you from acid and corrosion.
 c - a +1 cloak of preservation (worn)
 h - a +0 pair of gloves (worn)
 p - a +0 pair of boots (worn)
 G - a +0 plate armour
Jewellery
 k - an amulet of guardian spirit (around neck)
 v - a ring of fire
 B - a ring of protection from fire
 D - a ring of ice
 F - a ring of magical power
 I - a ring of see invisible
Wands
 m - a wand of flame (34)
 r - a wand of acid (12)
 C - a wand of paralysis (7)
Scrolls
 g - 2 scrolls of immolation
 u - 2 scrolls of teleportation
 y - a scroll of fog
 E - a scroll of vulnerability
Potions
 d - 3 potions of haste
 e - 2 potions of resistance
 f - 3 potions of mutation
 l - 3 potions of attraction
 n - 5 potions of brilliance
 o - 3 potions of cancellation
 q - 5 potions of enlightenment
 s - 5 potions of curing {unknown}
 t - 2 potions of magic {unknown}
 z - 2 potions of lignification {unknown}
 A - 2 potions of ambrosia {unknown}
 H - a potion of heal wounds {unknown}


   Skills:
 + Level 11.2 Fighting
 - Level 17.0 Axes
 + Level 10.7 Armour
 + Level 9.8 Dodging


You had 11 spell levels left.
You didn't know any spells.
Your spell library was empty.

Dungeon Overview and Level Annotations

Branches:
Dungeon (12/15)            Temple (0/1) D:6            Lair (0/5) D:11
    Orc (0/2) D:11        Ossuary (visited)

Altars:
Ashenzari
Elyvilon
Fedhas
Okawaru
Qazlal
Trog
Yredelemnul

Shops:
D:1 [

Annotations:
D:3 2 transporters, knightboat's ghost, amateur DsMo
D:9 3 runed translucent doors, Likado's ghost, journeyman MfSu


Innate Abilities, Weirdness & Mutations

You have a pair of horns on your head.
You reflexively headbutt those who attack you in melee.


Message History

The very large slime creature is moderately wounded.
You feel sick.
You barely miss the very large slime creature.
The very large slime creature is moderately wounded.
You feel sick.
The very large slime creature completely misses you.
You furiously retaliate!
You headbutt the very large slime creature!
You puncture the very large slime creature!
The very large slime creature looks as sick as possible!
You headbutt the very large slime creature.
The very large slime creature is heavily wounded.
The very large slime creature closely misses you.
You barely miss the very large slime creature.
The very large slime creature is heavily wounded.
You feel sick.
You impale the very large slime creature!!
The very large slime creature is heavily wounded.
You feel sick.
You are no longer poisoned.
The very large slime creature hits you but does no damage.
You puncture the very large slime creature!
The very large slime creature looks as sick as possible!
You headbutt the very large slime creature.
The very large slime creature is severely wounded.
The very large slime creature barely misses you.
You completely miss the very large slime creature.
You headbutt the very large slime creature.
The very large slime creature is severely wounded.
The very large slime creature hits you!!
You impale the very large slime creature!!
You headbutt the very large slime creature.
The very large slime creature is severely wounded.
Your skin stops crawling.
You feel less strong-willed.
The very large slime creature hits you!!!
* * * LOW HITPOINT WARNING * * *
A red film seems to cover your vision as you go berserk!
You feel yourself moving faster!
You feel mighty!
The very large slime creature hits you!!!
You die...

#.#.####.....#
uC.........#.#
#.#..†[[J..#.#
#.#.##...J.#.#
#+#+###.#..#.#
..#..#.# .#.#.....
.#.#.##.###########
.
#.#......J@......#
#.####...#######.#
#........!....
#######.#######
..........#
#######.#.# #.#.#
#.#.# #.# #.#.#


You could see a very large slime creature (extremely poisoned).

Vanquished Creatures
  Jorgrun (D:12)
  Fannar (D:10)
  3 two-headed ogres
  An occultist (D:12)
  3 skeletal warriors
  An arcanist (D:9)
  2 cyclopes (D:11)
  A manticore (D:12)
  Maurice (D:7)
  5 ugly things
  An elephant (D:11)
  A gargoyle (D:10)
  4 trolls
  2 hornets
  Sigmund (D:6)
  3 slime creatures
  A shadow (D:12)
  A wyvern (D:9)
  15 yaks
  A vampire (D:12)
  Eustachio (D:6)
  2 swamp worms (D:7)
  An acid dragon (D:10)
  A sky beast (D:7)
  2 orc warriors
  An ice beast (D:7)
  2 black bears (D:11)
  3 centaurs (D:9)
  2 phantoms
  3 elf zombies (Ossuary)
  2 kobold brigands
  A bullfrog (D:8)
  3 scorpions
  17 wights
  12 killer bees
  4 howler monkeys
  A bombardier beetle (D:5)
  2 centaur zombies (Ossuary)
  A crimson imp (D:9)
  A gnoll bouda (D:9)
  3 hounds
  4 jellies
  5 orc priests
  2 human zombies (Ossuary)
  Crazy Yiuf (D:7)
  2 sleepcaps
  3 iguanas
  5 orc wizards
  2 hound zombies (Ossuary)
  3 mummies
  3 gnolls (D:9)
  6 adders
  A white imp (D:5)
  4 adder zombies (Ossuary)
  2 dart slugs
  A ribbon worm (D:2)
  28 orcs
  6 ball pythons
  2 bats (D:1)
  4 endoplasms
  2 giant cockroaches
  4 goblins
  4 hobgoblins
  11 jackals
  8 quokkas
  4 frilled lizards
  7 gnoll zombies (Ossuary)
  A goblin zombie (D:4)
  3 jackal zombies (Ossuary)
  16 kobolds
  4 kobold zombies (Ossuary)
  10 orc zombies
  4 rats
276 creatures vanquished.

Vanquished Creatures (others)
  A yak (D:8)
1 creature vanquished.

Grand Total: 277 creatures vanquished

Notes
Turn   | Place    | Note
-------+----------+-------------------------------------------
     0 | D:1      | Curundu the Minotaur Berserker began the quest for the Orb.
     0 | D:1      | Reached XP level 1. HP: 19/19 MP: 0/0
   162 | D:1      | Found Qaedgh's Antique Armour Shop.
   262 | D:1      | Reached XP level 2. HP: 25/27 MP: 1/1
   298 | D:1      | Reached skill level 4 in Axes
   803 | D:2      | Found a blossoming altar of Fedhas.
   836 | D:2      | Reached XP level 3. HP: 30/33 MP: 2/2
  1118 | D:2      | Found a faded altar of an unknown god.
  1122 | D:2      | Reached skill level 5 in Axes
  1626 | D:3      | Found a transporter.
  1661 | D:3      | Found an iron altar of Okawaru.
  1691 | D:3      | Found a transporter.
  1720 | D:3      | Noticed a necrophage
  1722 | D:3      | Noticed knightboat's ghost (amateur DsMo)
  1843 | D:3      | Reached XP level 4. HP: 38/40 MP: 3/3
  1889 | D:3      | Reached ** piety under Trog
  2015 | D:3      | Reached skill level 6 in Axes
  2263 | D:4      | Reached XP level 5. HP: 45/46 MP: 4/4
  2298 | D:4      | Reached skill level 7 in Axes
  2387 | D:4      | Found a sand-covered staircase.
  2397 | Ossuary  | Entered an ossuary
  2478 | Ossuary  | Reached *** piety under Trog
  2479 | Ossuary  | Reached XP level 6. HP: 52/52 MP: 5/5
  2494 | Ossuary  | Reached skill level 8 in Axes
  2569 | Ossuary  | Reached skill level 9 in Axes
  2596 | Ossuary  | Reached XP level 7. HP: 19/58 MP: 1/6
  2820 | D:4      | Found a white marble altar of Elyvilon.
  2820 | D:4      | Found a bloodstained altar of Trog.
  2925 | D:4      | Reached skill level 10 in Axes
  3510 | D:5      | Entered Level 5 of the Dungeon
  3629 | D:5      | Reached skill level 11 in Axes
  3924 | D:5      | Reached **** piety under Trog
  3925 | D:5      | Reached XP level 8. HP: 65/66 MP: 7/7
  3989 | D:5      | Identified the +4 chain mail of Timush {rN+ rCorr Int+4}
  4219 | D:5      | Reached skill level 12 in Axes
  4595 | D:6      | Noticed Sigmund
  4608 | D:6      | Killed Sigmund
  4841 | D:6      | Noticed Eustachio
  4860 | D:6      | Killed Eustachio
  4861 | D:6      | Reached skill level 13 in Axes
  5007 | D:6      | Found a staircase to the Ecumenical Temple.
  5712 | D:7      | Reached skill level 14 in Axes
  5712 | D:7      | Reached XP level 9. HP: 71/71 MP: 5/8
  5821 | D:7      | Noticed Maurice
  5823 | D:7      | Something stole a ring of fire
  5831 | D:7      | Something stole 5 javelins
  5834 | D:7      | Something stole 317 gold
  5849 | D:7      | Killed Maurice
  6014 | D:7      | Found a runed translucent door.
  6015 | D:7      | Noticed Crazy Yiuf
  6025 | D:7      | Killed Crazy Yiuf
  6026 | D:7      | Reached skill level 15 in Axes
  6420 | D:7      | Reached skill level 16 in Axes
  6420 | D:7      | Found a runed translucent door.
  6424 | D:7      | Found a basalt altar of Yredelemnul.
  6687 | D:8      | Reached skill level 17 in Axes
  6687 | D:8      | Reached XP level 10. HP: 49/78 MP: 5/9
  7085 | D:8      | Found the +8 trident of the Octopus King {venom, rElec
                  | rPois}
  7326 | D:8      | Noticed a two-headed ogre
  7335 | D:8      | Killed a two-headed ogre
  7336 | D:8      | Reached skill level 5 in Fighting
  7491 | D:8      | Reached skill level 5 in Armour
  8032 | D:9      | Found a runed translucent gate.
  8034 | D:9      | Found a runed translucent gate.
  8035 | D:9      | Found a runed translucent gate.
  8035 | D:9      | Noticed a cyan ugly thing
  8035 | D:9      | Noticed a green ugly thing
  8036 | D:9      | Noticed a white ugly thing
  8037 | D:9      | Noticed a white ugly thing
  8056 | D:9      | Reached skill level 5 in Dodging
  8433 | D:9      | Noticed an arcanist
  8441 | D:9      | Killed an arcanist
  8608 | D:9      | Reached XP level 11. HP: 92/92 MP: 10/10
  8854 | D:9      | Killed a cyan ugly thing
  8861 | D:9      | Killed a purple ugly thing
  9063 | D:9      | Killed a purple ugly thing
  9070 | D:9      | Killed a green ugly thing
  9141 | D:9      | Found a runed translucent gate.
  9141 | D:9      | Found a runed translucent gate.
  9146 | D:9      | Noticed Likado's ghost (journeyman MfSu)
  9146 | D:9      | Found a runed translucent gate.
  9146 | D:9      | Noticed a cacodemon
  9220 | D:10     | Entered Level 10 of the Dungeon
  9228 | D:10     | Noticed Fannar
  9240 | D:10     | Killed Fannar
  9304 | D:10     | Found a stormy altar of Qazlal.
  9555 | D:10     | Noticed a two-headed ogre
  9561 | D:10     | Killed a two-headed ogre
  9578 | D:10     | Found a broken altar of Ashenzari.
  9830 | D:10     | Identified the +2 robe of Uneaf {Rampage MP+9 Stlth+}
  9985 | D:11     | Noticed a two-headed ogre
  9986 | D:11     | Found a staircase to the Lair.
 10010 | D:11     | Reached ***** piety under Trog
 10025 | D:11     | Killed a two-headed ogre
 10088 | D:11     | Noticed a skeletal warrior
 10126 | D:11     | Killed a skeletal warrior
 10269 | D:11     | Noticed a skeletal warrior
 10270 | D:11     | Noticed a skeletal warrior
 10385 | D:10     | Killed a skeletal warrior
 10442 | D:11     | Killed a skeletal warrior
 10663 | D:11     | Found a staircase to the Orcish Mines.
 10683 | D:11     | Reached skill level 10 in Fighting
 10762 | D:11     | Reached XP level 12. HP: 66/106 MP: 7/11
 11244 | D:12     | Reached skill level 10 in Armour
 11288 | D:12     | Noticed Jorgrun
 11310 | D:12     | Killed Jorgrun
 11886 | D:12     | Demolished by a very large slime creature

Illustrated notes

Levels and vault maps discovered:
D:1:      dpeg_arrival_round_b, layout_loops_ring, serial_shops, shop
D:2:      layout_basic, chequers_ecumenical_altar_island, basic_altar
D:3:      layout_basic, marbit_many_paths, gammafunk_ghost_mausoleum
D:4:      layout_basic, chequers_temple_overflow_statue_of_worship,
          nicolae_ossuary_entry_giza, minmay_misc_feat_alley
D:5:      layout_cave_pods
D:6:      layout_loops_ring, minmay_temple_entry_large_hall,
          hangedman_abyss_or_decor_stagger, nicolae_hexahallways,
          uniq_eustachio, uniq_sigmund
D:7:      layout_basic, dk_yredelemnul_ordeal, worms_lemuel, uniq_maurice,
          uniq_crazy_yiuf_cottage
D:8:      layout_layer_cave
D:9:      layout_roguey, ploomutoo_gammafunk_ghost_potion_laboratory,
          minivault_23, hangedman_abyss_or_decor_passed, lightli_wizard_tower
D:10:     layout_gridville, ashenzari_altar_1, mainiacjoe_overflow_chevrons,
          uniq_fannar
D:11:     layout_basic, david_lair_generic, david_orc_3
D:12:     layout_basic, uniq_jorgrun

Skill      XL: |  1  2  3  4  5  6  7  8  9 10 11 12 |
---------------+-------------------------------------+-----
Axes           | 4 5 6 7 9 11 14 17 | 17.0
Fighting       | 7 10 11 | 11.2
Armour         | 6 9 10 | 10.7
Dodging        | 6 8 9 |  9.8

Action                     |  1- 3 |  4- 6 |  7- 9 | 10-12 || total
---------------------------+-------+-------+-------+-------++-------
  Melee: Hand axe          |    75 |   145 |   231 |       ||   451
         Headbutt          |     8 |    34 |    48 |    92 ||   182
         Punch             |     1 |     2 |     3 |    10 ||    16
         Quarterstaff      |       |       |    70 |     7 ||    77
         Trident           |       |       |       |   407 ||   407
  Throw: Javelin           |       |       |       |     3 ||     3
 Invoke: Berserk           |       |     1 |     3 |     4 ||     8
         Trog's Hand       |       |       |     4 |     7 ||    11
    Use: Scroll            |     2 |     6 |     6 |     3 ||    17
         Potion            |       |       |       |     1 ||     1
   Stab: Paralysed         |       |       |     1 |       ||     1
 Armour: Animal skin       |     9 |       |       |       ||     9
         Scale mail        |    28 |   100 |    55 |       ||   183
         Chain mail        |       |       |   174 |   314 ||   488
  Dodge: Dodged            |    46 |    68 |   110 |   187 ||   411

Table legend: (Time is in decaauts)
 A = Elapsed time spent in this place.
 B = Non-inter-level travel time spent in this place.
 C = Inter-level travel time spent in this place.
 D = Time resting spent in this place.
 E = Time spent auto-exploring this place.
 F = Levels seen in this place.
 G = Mean time per level.
                   A        B        C        D        E       F      G
               +--------+--------+--------+--------+--------+-----+--------+
         Total |  11811 |  11811 |      0 |   1084 |   7696 |  13 |  908.5 |
       Dungeon |  11397 |  11397 |      0 |    936 |   7613 |  12 |  949.8 |
       Ossuary |    413 |    413 |      0 |    148 |     83 |   1 |  413.0 |
               +--------+--------+--------+--------+--------+-----+--------+

Top non-repeatable levels by time:
    D:11: 1470 daAuts
     D:8: 1379 daAuts
     D:7: 1210 daAuts
     D:9: 1165 daAuts
     D:5: 1015 daAuts
     D:4: 937 daAuts
     D:6: 895 daAuts
    D:10: 767 daAuts
     D:1: 766 daAuts
     D:2: 698 daAuts
     D:3: 691 daAuts
 Ossuary: 413 daAuts
    D:12: 399 daAuts
